 Dungeon Crawl Stone Soup version 0.30-a0-7-g94fe547ab8 (webtiles) character file.

Game seed: 6922751475935296078

84 Plasmagod the Chopper (level 4, 0/39 HPs)
             Began as a Minotaur Fighter on Aug 23, 2022.
             Slain by an ogre
             ... wielding a +0 giant spiked club
              (10 damage)
             ... on level 4 of the Dungeon.
             The game lasted 00:02:29 (2463 turns).

Plasmagod the Chopper (Minotaur Fighter)            Turns: 2463, Time: 00:02:29

Health: 0/39       AC: 13    Str: 22    XL:     4   Next: 24%
Magic:  3/3        EV:  7    Int:  5    God:
Gold:   65         SH:  5    Dex: 14    Spells: 3/3 levels left

rFire   . . .      SeeInvis .    a - +0 war axe
rCold   . . .      Faith    .    c - +0 buckler
rNeg    . . .      Spirit   .    m - +4 chain mail of Xemel {rPois Dex+4}
rPois   +          Reflect  .    (helmet restricted)
rElec   .          Harm     .    (no cloak)
rCorr   .          Rampage  .    (no gloves)
Will    .....                    (no boots)
Stlth   ..........               (no amulet)
HPRegen 0.13/turn                (no ring)
MPRegen 0.08/turn                (no ring)

@: no status effects
A: horns 2, retaliatory headbutt
a: no special abilities


You were on level 4 of the Dungeon.
You visited 2 branches of the dungeon, and saw 5 of its levels.

You collected 65 gold pieces.

Inventory:

Hand Weapons
 a - a +0 war axe (weapon)
Armour
 c - a +0 buckler (worn)
 m - the +4 chain mail of Xemel (worn) {rPois Dex+4}
   (You found it on level 2 of the Dungeon)

   Dex:       It affects your dexterity (+4).
   rPois:     It protects you from poison.
Wands
 b - a wand of charming (7)
 l - a wand of acid (14)
Scrolls
 e - a scroll of teleportation {unknown}
 f - 3 scrolls of enchant armour {unknown}
 i - 6 scrolls of identify {unknown}
 j - a scroll of noise {unknown}
 k - a scroll of fear {unknown}
 o - 2 scrolls of magic mapping {unknown}
 p - a scroll of summoning {unknown}
 s - a scroll of poison {unknown}
 t - a scroll of fog {unknown}
Potions
 d - 2 potions of might
 g - 3 potions of brilliance {unknown}
 h - 2 potions of haste {unknown}
 n - 5 potions of curing {unknown}
 q - a potion of heal wounds {unknown}
 r - 2 potions of flight {unknown}
 u - a potion of degeneration {unknown}


   Skills:
 - Level 3.6 Fighting
 + Level 5.5 Axes
 - Level 3.6 Armour
 - Level 3.6 Shields


You had 3 spell levels left.
You didn't know any spells.
Your spell library was empty.

Dungeon Overview and Level Annotations

Branches:
Dungeon (4/15)             Temple (1/1) D:4

Altars:
Ashenzari
Cheibriados
Dithmenos
Elyvilon
Fedhas
Gozag
Hepliaklqana
Makhleb
Okawaru
Vehumet
Xom
Zin
The Shining One

Annotations:
D:2 1 runed translucent door, Crazy Yiuf


Innate Abilities, Weirdness & Mutations

You have a pair of horns on your head.
You reflexively headbutt those who attack you in melee.


Message History

Found a barding, a scroll labelled HADITZ QAIMOKHLEU and 7 stones.
The ball python hisses angrily.
The ogre shouts!
You enter the shallow water.
Moving in this stuff is going to be slow.
Found a scroll labelled AQOVYQAOVY.
The ball python bites you but does no damage.
The ball python grabs you. The ball python constricts you.
The ball python completely misses you. You furiously retaliate!
You headbutt the ball python!
You kill the ball python!
There is a staircase to the Ecumenical Temple here.
You climb downwards.
Welcome to the Ecumenical Temple!
Found three altars.
There is a staircase back to the Dungeon here.
Found a radiant altar of Vehumet and a glowing silver altar of Zin.
Found a blossoming altar of Fedhas.
Found a burning altar of Makhleb.
There is a snail-covered altar of Cheibriados here.
Found an iron altar of Okawaru.
Found an opulent altar of Gozag.
Found a hazy altar of Hepliaklqana.
Found two altars.
Found a shimmering altar of Xom.
Done exploring.
There is a staircase back to the Dungeon here.
You climb upwards.
Welcome back to the Dungeon!
There is a staircase to the Ecumenical Temple here.
You slash the ogre! You headbutt the ogre.
The ogre is severely wounded.
The ogre hits you with a +0 giant spiked club!!
You hit the ogre. Your headbutt misses the ogre.
The ogre is almost dead.
A goblin comes into view. It is wielding a +0 dagger.
The ogre hits you with a +0 giant spiked club!
* * * LOW HITPOINT WARNING * * *
The goblin shouts!
You hit the ogre but do no damage.
The ogre is almost dead.
The ogre hits you with a +0 giant spiked club!
You die...

.. .... ##. .?.#
..#####... #
##...##....# ..
#.#..~§§..# .#
... #..g~~§~~.#
.#..?.
#§~~§§~§##.#....
#§§§@~§§.......
#§~~§O§§.......
#[~~§§~...#...
#..§§~....#
##.###...<#
#........#
#####....#
#..... ###.#..


You could see an ogre and a goblin.

Vanquished Creatures
  Jessica (D:3)
  A worm (D:2)
  3 dart slugs
  5 endoplasms
  2 giant cockroaches (D:2)
  4 goblins
  6 hobgoblins
  2 kobolds (D:1)
  5 quokkas
  6 ball pythons
  6 bats
  A frilled lizard (D:2)
  7 rats
49 creatures vanquished.

Vanquished Creatures (others)
  A withered plant (D:4)
1 creature vanquished.

Grand Total: 50 creatures vanquished

Notes
Turn   | Place    | Note
-------+----------+-------------------------------------------
     0 | D:1      | Plasmagod the Minotaur Fighter began the quest for the Orb.
     0 | D:1      | Reached XP level 1. HP: 19/19 MP: 0/0
    60 | D:1      | Reached skill level 3 in Axes
   249 | D:1      | Reached XP level 2. HP: 23/26 MP: 1/1
   340 | D:1      | Found a faded altar of an unknown god.
   705 | D:2      | Reached skill level 4 in Axes
   772 | D:2      | Reached XP level 3. HP: 31/31 MP: 2/2
   838 | D:2      | Identified the +4 chain mail of Xemel {rPois Dex+4}
   911 | D:2      | Found a runed translucent door.
   912 | D:2      | Noticed Crazy Yiuf
  1894 | D:3      | Reached skill level 5 in Axes
  2367 | D:3      | Noticed Jessica
  2370 | D:3      | Killed Jessica
  2371 | D:3      | Reached XP level 4. HP: 39/39 MP: 3/3
  2400 | D:4      | Found a staircase to the Ecumenical Temple.
  2401 | D:4      | Noticed an ogre
  2407 | Temple   | Entered the Ecumenical Temple
  2463 | D:4      | Slain by an ogre

Illustrated notes

Levels and vault maps discovered:
D:1:      sevenhm_arrival_forest_fort_large_4, layout_rooms,
          hellmonk_ecumenical_altar_pennies_from_heaven
D:2:      layout_loops_cross, st_stairs_5, minmay_crystal_water,
          uniq_crazy_yiuf_cottage
D:3:      layout_basic, kennysheep_jessica_study
D:4:      layout_basic, minmay_temple_entry_mist, serial_undead,
          serial_undead_f, serial_undead_c, serial_undead_f, serial_undead_e,
          serial_undead_b, serial_undead_e, uniq_menkaure
Temple:   cyrus_circular_temple

Skill      XL: |  1  2  3 |
---------------+----------+-----
Axes           | 3 4 5 |  5.5
Fighting       | |  3.6
Armour         | |  3.6
Shields        | |  3.6

Action                   |  1- 3 |  4- 6 || total
-------------------------+-------+-------++-------
Melee: War axe           |    84 |     3 ||    87
       Headbutt          |     8 |     1 ||     9
Armor: Scale mail        |    29 |       ||    29
       Chain mail        |    16 |     1 ||    17
Dodge: Dodged            |    28 |     1 ||    29
Block: Buckler           |    16 |       ||    16

Table legend: (Time is in decaauts)
 A = Elapsed time spent in this place.
 B = Non-inter-level travel time spent in this place.
 C = Inter-level travel time spent in this place.
 D = Time resting spent in this place.
 E = Time spent auto-exploring this place.
 F = Levels seen in this place.
 G = Mean time per level.
                   A        B        C        D        E       F      G
               +--------+--------+--------+--------+--------+-----+--------+
         Total |   2495 |   2362 |    133 |      0 |   2044 |   5 |  499.0 |
       Dungeon |   2444 |   2311 |    133 |      0 |   2010 |   4 |  611.0 |
        Temple |     51 |     51 |      0 |      0 |     34 |   1 |   51.0 |
               +--------+--------+--------+--------+--------+-----+--------+

Top non-repeatable levels by time:
     D:2: 923 daAuts
     D:3: 795 daAuts
     D:1: 711 daAuts
  Temple: 51 daAuts
     D:4: 13 daAuts
